details: '3455'

« prev index next »

General information

Mini Map

Players

team 1
Random» Orcboli (blue | 107 APM | 2559 actions | 24:00)
Hero icon 6 Blademaster
Ability icon 2 Wind Walk
Ability icon 3 Critical Strike
Ability icon 1 Bladestorm
Hero icon 4 Shadow Hunter
Ability icon 2 Hex
Ability icon 2 Healing Wave

» actions
Assign group hotkey14
Basic commands72
Build / train87
ESC pressed3
Enter build submenu24
Enter hero's abilities submenu10
Give item / drop item11
Right click1343
Select / deselect461
Select group hotkey405
Use ability129
2559 total
» units
Peon13
Grunt7
Raider6
Spirit Walker3
Wind Rider16
Troll Batrider1
46 total
» upgrades
Melee Weapons1
Pillage1
Spirit Walker Training1
Ensnare1
Berserker Strength1
Armor2
Reinforced Defenses1
Envenomed Spears1
Ranged Weapons2
Shaman Training1
12 total
» buildings
Altar of Storms1
Orc Burrow6
Barracks1
Voodoo Lounge1
Stronghold2
War Mill1
Beastiary3
Spirit Lodge2
Great Hall2
Fortress1
Watch Tower6
26 total
» build order
00:07 Altar of Storms
00:16 Orc Burrow
00:34 Barracks
01:26 Orc Burrow
02:04 Voodoo Lounge
02:58 Stronghold
03:45 War Mill
03:47 Orc Burrow
05:24 Beastiary
05:24 Spirit Lodge
05:26 Beastiary
05:26 Spirit Lodge
06:14 Orc Burrow
09:41 Great Hall
10:44 Fortress
12:51 Beastiary
13:11 Watch Tower
13:14 Watch Tower
13:19 Watch Tower
15:48 Orc Burrow
17:37 Orc Burrow
21:20 Great Hall
22:29 Watch Tower
22:29 Watch Tower
22:32 Watch Tower
» items
Boots of Speed1
Potion of Healing2
Potion of Mana2
Lesser Clarity Potion4
Orb of Lightning1
Scroll of Town Portal1
11 total
team 2
Orczzzz (yellow | 104 APM | 2487 actions | 23:59)
Hero icon 5 Blademaster
Ability icon 3 Wind Walk
Ability icon 2 Critical Strike
Hero icon 5 Shadow Hunter
Ability icon 2 Hex
Ability icon 3 Healing Wave

» actions
Assign group hotkey75
Basic commands132
Build / train87
Enter build submenu15
Enter hero's abilities submenu10
Give item / drop item3
Right click943
Select / deselect472
Select group hotkey613
Use ability137
2487 total
» units
Peon11
Grunt9
Raider11
Spirit Walker6
Kodo Beast1
Troll Batrider10
48 total
» upgrades
Berserker Strength1
Ensnare1
Spirit Walker Training1
Melee Weapons1
Armor1
5 total
» buildings
Altar of Storms1
Orc Burrow6
Barracks1
Stronghold3
Voodoo Lounge2
Beastiary1
Spirit Lodge1
War Mill1
Great Hall2
18 total
» build order
00:07 Altar of Storms
00:17 Orc Burrow
00:37 Barracks
01:30 Orc Burrow
02:27 Stronghold
02:27 Stronghold
04:43 Voodoo Lounge
04:56 Beastiary
05:00 Orc Burrow
05:11 Spirit Lodge
06:05 War Mill
06:30 Orc Burrow
13:41 Voodoo Lounge
14:02 Great Hall
15:45 Orc Burrow
15:47 Orc Burrow
21:58 Great Hall
» items
Healing Salve3
Scroll of Healing4
Scroll of Town Portal5
Potion of Lesser Invulnerability2
Lesser Clarity Potion4
Potion of Mana1
19 total

Chat log


(23:56 / All) zzzz: gg